 Dungeon Crawl Stone Soup version 0.25-a0-253-g6f1b5d974a (webtiles) character file.

Game seed: 4439324721595249141, levelgen mode: classic

2578 Borgoz the Slasher (level 9, -1/56 HPs)
             Began as a Gargoyle Fighter on Dec 6, 2019.
             Was a Follower of Ashenzari.
             Slain by a two-headed ogre
             ... wielding a +0 giant club
              (12 damage)
             ... on level 8 of the Dungeon.
             The game lasted 00:11:14 (6878 turns).

Borgoz the Slasher (Gargoyle Fighter)               Turns: 6878, Time: 00:11:15

Health: -1/56      AC: 16    Str: 23    XL:     9   Next: 57%
Magic:  12/13      EV: 12    Int:  9    God:    Ashenzari [*.....]
Gold:   301        SH:  0    Dex:  9    Spells: 13/14 levels left

rFire    . . .     SeeInvis .   o - +1 long sword (elec)
rCold    . . .     Gourm    .   (no shield)
rNeg     + . .     Faith    .   t - +2 ring mail {MR+}
rPois    ∞         Spirit   .   (no helmet)
rElec    +         Reflect  .   (no cloak)
rCorr    .         Harm     +   (no gloves)
MR       +....                  c - +0 pair of boots
Stlth    ..........             n - amulet of harm
HPRegen  0.18/turn              (no ring)
MPRegen  0.13/turn              (no ring)

@: no status effects
A: negative energy resistance 1, electricity resistance, unbreathing,
petrification resistance, rot immunity, AC +6
a: Curse Item, Scrying, Renounce Religion


You were on level 8 of the Dungeon.
You worshipped Ashenzari.
Ashenzari was aware of your devotion.
You were not hungry.

You visited 2 branches of the dungeon, and saw 9 of its levels.

You collected 301 gold pieces.

Inventory:

Hand Weapons
 o - a +1 long sword of electrocution (weapon)
Armour
 c - a +0 pair of boots (worn)
 t - a +2 ring mail of magic resistance (worn)
Jewellery
 n - an amulet of harm (around neck)
Wands
 p - a wand of acid (6)
 q - a wand of iceblast (22)
Scrolls
 a - a scroll of random uselessness {unknown}
 e - a scroll of enchant weapon
 j - 4 scrolls of amnesia {unknown}
 k - 4 scrolls of enchant armour
 l - a scroll of blinking
 r - 4 scrolls of teleportation {unknown}
Potions
 d - a potion of heal wounds
 g - 2 potions of ambrosia
 h - 3 potions of brilliance
 i - a potion of haste
 m - 3 potions of curing
 s - a potion of resistance {unknown}
 u - a potion of lignification {unknown}
Comestibles
 b - 2 chunks of flesh
 f - 12 rations


   Skills:
 + Level 6.7 Fighting
 * Level 7.2 Long Blades
 + Level 6.8 Armour
 + Level 4.2 Dodging
   Level 3.2 Shields
 + Level 3.2 Spellcasting


You had 13 spell levels left.
You knew the following spells:

 Your Spells              Type           Power        Failure   Level  Hunger
a - Confusing Touch       Hex            #.....       41%         1    ##.....

Your spell library contained the following spells:

 Spells                   Type           Power        Failure   Level  Hunger
 Animate Skeleton         Necr           N/A          41%         1    ##.....
 Apportation              Tloc           #.....       41%         1    ##.....
 Summon Small Mammal      Summ           #...         41%         1    ##.....


Dungeon Overview and Level Annotations

Branches:
Dungeon (8/15)             Temple (1/1) D:5
   Lair: D:8-11

Altars:
Ashenzari
Cheibriados
Dithmenos
Elyvilon
Gozag
Hepliaklqana
Kikubaaqudgha
Makhleb
Nemelex Xobeh
Okawaru
Qazlal
Ru
Sif Muna
Trog
Uskayaw
Vehumet
Wu Jian
Xom
Yredelemnul
Zin
The Shining One


Innate Abilities, Weirdness & Mutations

You are resistant to torment.
Your stone body is resilient. (AC +6)
You are immune to poison.
You resist negative energy. (rN+)
You are resistant to electric shocks. (rElec)
You can survive without breathing.
You are immune to petrification.
You are immune to rotting.


Message History

Evoke which item? (* to show all) (? for menu, Esc to quit)
Aiming: Corrosive Bolt
Press: ? - help, Shift-Dir - straight line, f - two-headed ogre
Aim: a two-headed ogre, wielding a +0 giant club and a +0 giant spiked club The bolt of acid hits the two-headed ogre!
The two-headed ogre is splashed with acid.
The acid corrodes the two-headed ogre!
The two-headed ogre is moderately wounded.
The bolt of acid hits the centaur.
The centaur is splashed with acid.
You kill the centaur!
You hit the two-headed ogre.
The two-headed ogre is heavily wounded.
The two-headed ogre hits you with a +0 giant club.
The two-headed ogre hits you with a +0 giant spiked club.
You slash the two-headed ogre!
The two-headed ogre is severely wounded.
The two-headed ogre hits you with a +0 giant club!
* * * LOW HITPOINT WARNING * * *
The two-headed ogre hits you with a +0 giant spiked club!
You die...

....... .......
....... .......
....... #####
......O #...#
.......########.#.#
......)O@....(....#
.......########.###
....... #.# .......
#.# ###'#.# #.#
#.#. #.# # #. #.#
#.#########.#
#.........#


You could see a two-headed ogre.

Vanquished Creatures
  A two-headed ogre (D:8)
  Edmund (D:6)
  2 sky beasts
  A phantom (D:6)
  3 centaurs
  An ogre (D:4)
  Blork the orc (D:4)
  3 bullfrogs
  A scorpion (D:4)
  A howler monkey (D:6)
  4 crimson imps
  A hound (D:4)
  4 orc wizards
  2 orc priests (D:5)
  Natasha (thrice) (D:2)
  Terence (D:2)
  8 worker ants
  Robin (D:4)
  A worker ant zombie (D:7)
  7 adders
  4 gnolls (D:3)
  2 shadow imps (D:5)
  An ooze (D:3)
  2 adder skeletons
  2 worms
  2 dart slugs (D:1)
  A leopard gecko (D:6)
  21 orcs
  7 giant cockroaches
  24 goblins
  10 hobgoblins
  7 jackals
  A ball python (D:2)
  7 bats
  5 frilled lizards
  A jackal skeleton (D:4)
  7 kobolds
  2 quokka zombies (D:5)
  6 rats
159 creatures vanquished.

Notes
Turn   | Place    | Note
-------+----------+-------------------------------------------
     0 | D:1      | Borgoz the Gargoyle Fighter began the quest for the Orb.
     0 | D:1      | Reached XP level 1. HP: 14/14 MP: 1/1
    56 | D:1      | Reached skill level 2 in Long Blades
    56 | D:1      | Reached XP level 2. HP: 19/19 MP: 2/2
   473 | D:1      | Reached XP level 3. HP: 23/23 MP: 3/3
  1240 | D:2      | Reached skill level 1 in Dodging
  1254 | D:2      | Noticed Natasha
  1271 | D:2      | Reached XP level 4. HP: 29/29 MP: 4/4
  1287 | D:2      | Killed Natasha
  1589 | D:2      | Noticed Natasha
  1595 | D:2      | Killed Natasha
  1595 | D:2      | Reached skill level 3 in Long Blades
  1595 | D:2      | Reached XP level 5. HP: 28/33 MP: 5/5
  1884 | D:2      | Found a faded altar of an unknown god.
  2070 | D:2      | Noticed Natasha
  2087 | D:2      | Killed Natasha
  2163 | D:2      | Noticed Terence
  2176 | D:2      | Killed Terence
  2434 | D:3      | Noticed a centaur
  2487 | D:4      | Killed a centaur
  2487 | D:4      | Reached XP level 6. HP: 21/39 MP: 6/6
  2641 | D:3      | Reached skill level 4 in Long Blades
  2987 | D:3      | Found a shadowy altar of Dithmenos.
  3351 | D:4      | Reached XP level 7. HP: 36/44 MP: 7/7
  3416 | D:4      | Noticed Blork the orc
  3426 | D:4      | Killed Blork the orc
  3499 | D:4      | Reached skill level 5 in Fighting
  3499 | D:4      | Reached skill level 5 in Armour
  3673 | D:4      | Reached skill level 5 in Long Blades
  3935 | D:4      | Noticed Robin
  3954 | D:4      | Killed Robin
  4162 | D:4      | You fall into a shaft and drop 1 floor!
  4162 | D:5      | Entered Level 5 of the Dungeon
  4188 | D:5      | Learned a level 1 spell: Confusing Touch
  4249 | D:5      | Found a staircase to the Ecumenical Temple.
  4266 | Temple   | Entered the Ecumenical Temple
  4366 | Temple   | Became a worshipper of Ashenzari the Shackled
  4764 | D:5      | Reached XP level 8. HP: 48/49 MP: 8/8
  4935 | D:5      | Found a shimmering altar of Xom.
  5055 | D:5      | Reached skill level 1 in Spellcasting
  5177 | D:6      | Found an ancient bone altar of Kikubaaqudgha.
  5258 | D:6      | Found a sacrificial altar of Ru.
  5571 | D:6      | Found a glowing golden altar of the Shining One.
  5571 | D:6      | Noticed Edmund
  5578 | D:6      | Killed Edmund
  5635 | D:6      | Reached skill level 6 in Long Blades
  6098 | D:7      | Reached XP level 9. HP: 46/55 MP: 12/12
  6175 | D:7      | Reached * piety under Ashenzari
  6215 | D:7      | Found a burning altar of Makhleb.
  6869 | D:8      | Noticed a two-headed ogre
  6869 | D:8      | Noticed a two-headed ogre
  6875 | D:8      | Killed a two-headed ogre
  6875 | D:8      | Reached skill level 7 in Long Blades
  6878 | D:8      | Slain by a two-headed ogre

Levels and vault maps discovered:
D:1:      onia_arrival_pyramid, layout_basic, minmay_misc_feat_pillars,
          minmay_pentomino_u2
D:2:      layout_basic, chequers_ecumenical_altar_twisty,
          guppyfry_early_orc_mine, uniq_natasha, uniq_terence
D:3:      minmay_evil_eye, layout_loops_ring, lemuel_round_altar, first_ration,
          kennysheep_path_1
D:4:      layout_basic, fedhas_altar_fruit_tree, minmay_cut_off,
          uniq_blork_the_orc, uniq_robin
D:5:      layout_cave_pods, led_xom_imps, minmay_temple_entry_junction
D:6:      layout_basic, lemuel_coloured_pillars_altar, lemuel_crystal_altar,
          nicolae_overflow_hidden_temple, uniq_edmund
D:7:      layout_loops_cross, bloody_makhleb, serial_rivers,
          chequers_serial_rivers_micro_e, chequers_serial_rivers_small_3,
          chequers_serial_rivers_micro_d, chequers_serial_rivers_room_a,
          chequers_serial_rivers_small_b, chequers_serial_rivers_micro_e
D:8:      layout_basic, serial_shops, shop_fountains, hangedman_pestilent_swarm,
          minmay_quadrilaterals
Temple:   regret_index_temple_generic_petals

Skill      XL: |  1  2  3  4  5  6  7  8  9 |
---------------+----------------------------+-----
Long Blades    | 2 3 4 5 6 7 |  7.2
Dodging        | 1 2 3 4 |  4.2
Fighting       | 4 5 6 |  6.7
Armour         | 4 5 6 |  6.8
Spellcasting   | 2 3 |  3.2
Shields        | |  3.2

Action                   |  1- 3 |  4- 6 |  7- 9 || total
-------------------------+-------+-------+-------++-------
Melee: Long sword        |   137 |   200 |   225 ||   562
Evoke: Wand              |       |       |     3 ||     3
  Use: Scroll            |     2 |     1 |     8 ||    11
       Potion            |       |     2 |       ||     2
  Eat: Chunk             |     1 |     7 |    12 ||    20
Armor: Scale mail        |    82 |   126 |    62 ||   270
       Ring mail         |       |       |    71 ||    71
Dodge: Dodged            |    57 |   145 |   156 ||   358
Block: Shield            |    53 |       |       ||    53
       Buckler           |       |       |     3 ||     3
       Rpst.: Long sword |    17 |    48 |    48 ||   113

Table legend:
 A = Non-vault XP
 B = Vault XP
 C = Vault XP percentage of total XP
 D = Non-vault monster count
 E = Vault monster count
 F = Vault count percentage of total count
                 A         B        C        D         E       F
            +---------+---------+-------+---------+---------+-------
      Total |    3085 |     599 |  16.3 |     127 |      32 |  20.1
            +---------+---------+-------+---------+---------+-------
        D:1 |      48 |       2 |   4.0 |      27 |       2 |   6.9
        D:2 |     127 |      84 |  39.8 |      22 |       9 |  29.0
        D:3 |     108 |      15 |  12.2 |      19 |       4 |  17.4
        D:4 |     412 |     244 |  37.2 |      17 |      14 |  45.2
        D:5 |     253 |      96 |  27.5 |      15 |       2 |  11.8
        D:6 |     505 |     158 |  23.8 |      11 |       1 |   8.3
        D:7 |     576 |       0 |   0.0 |      12 |       0 |   0.0
        D:8 |    1056 |       0 |   0.0 |       4 |       0 |   0.0
            +---------+---------+-------+---------+---------+-------
